 Dungeon Crawl Stone Soup version 0.29.1-2-gbd0b4ee654 (webtiles) character file.

Game seed: 6484481866166092140

3628 kingsuperguy the Summoner (level 10, 0/61 (63) HPs)
             Began as a Merfolk Summoner on Nov 20, 2022.
             Was a Follower of Vehumet.
             Slain by a wight
             ... wielding a +4 long sword
              (8 damage)
             ... on level 8 of the Dungeon on Nov 21, 2022.
             The game lasted 01:07:13 (10616 turns).

kingsuperguy the Summoner (Merfolk Summoner)       Turns: 10616, Time: 01:07:13

HP:   0/61 (63)     AC:  6    Str:  9    XL:     10   Next: 11%
MP:   0/22          EV: 14    Int: 30    God:    Vehumet [*.....]
Gold: 486           SH:  0    Dex: 15    Spells: 9/25 levels left

rFire   . . .      SeeInvis .   q - +1 short sword (vamp)
rCold   . . .      Faith    .   (no shield)
rNeg    . . .      Spirit   +   a - +0 robe
rPois   .          Reflect  .   (no helmet)
rElec   .          Harm     .   (no cloak)
rCorr   .          Rampage  .   l - +1 pair of gloves {infuse}
Will    .....                   d - +1 pair of boots
Stlth   ++........              J - amulet of guardian spirit
HPRegen 0.20/turn               m - +6 ring of intelligence
MPRegen 0.18/turn               x - +6 ring of intelligence

@: mighty, flying, lightly drained
A: (nimble swimmer 2), mertail, subdued magic 1
a: Renounce Religion


You were on level 8 of the Dungeon.
You worshipped Vehumet.
Vehumet was aware of your devotion.
You visited 1 branch of the dungeon, and saw 8 of its levels.
You also visited: Sewer.

You collected 486 gold pieces.

Inventory:

Hand Weapons
 p - a +1 short sword of venom
 q - a +1 vampiric short sword (weapon)
 A - a +1 dagger of venom
 I - a +1 spear of freezing
Missiles
 e - a throwing net
 r - 66 stones
 G - 3 boomerangs of dispersal
Armour
 a - a +0 robe (worn)
 d - a +1 pair of boots (worn)
 l - a +1 pair of gloves of infusion (worn)
 u - a +0 ring mail
 z - a +0 leather armour
 N - an orb of guile
 O - the +3 ring mail of Sissattit {rCorr Dex+2}
   (You found it on level 6 of the Dungeon)

   Dex:       It affects your dexterity (+2).
   rCorr:     It protects you from acid and corrosion.
Jewellery
 j - a ring of flight
 m - a +6 ring of intelligence (left hand)
 w - a +4 ring of evasion
 x - a +6 ring of intelligence (right hand)
 B - a +4 ring of protection
 H - a ring of protection from fire
 J - an amulet of guardian spirit (around neck)
 L - an amulet of reflection
Wands
 P - a wand of iceblast (6)
 S - a wand of quicksilver (2)
Scrolls
 b - a scroll of poison {unknown}
 h - 2 scrolls of torment {unknown}
 k - 2 scrolls of enchant weapon
 t - 4 scrolls of magic mapping
 y - a scroll of silence {unknown}
 C - a scroll of enchant armour {unknown}
 F - 2 scrolls of fog
 K - a scroll of vulnerability {unknown}
 M - a scroll of identify
 R - a scroll of fear {unknown}
Potions
 c - 3 potions of attraction
 f - 3 potions of might
 g - 2 potions of heal wounds
 n - a potion of degeneration {unknown}
 o - 6 potions of curing
 s - 3 potions of cancellation
 v - a potion of flight
 E - 3 potions of invisibility


   Skills:
 + Level 2.4 Short Blades
 + Level 4.4 Dodging
 - Level 2.4 Stealth
 + Level 0.2 Unarmed Combat
 + Level 8.2 Spellcasting
 * Level 3.7 Hexes
 * Level 10.6 Summonings
 + Level 0.5 Air Magic


You had 9 spell levels left.
You knew the following spells:

 Your Spells              Type           Power      Damage    Failure   Level
a - Summon Small Mammal   Summ           100%       N/A       1%          1
b - Call Imp              Summ           55%        N/A       1%          2
c - Call Canine Familiar  Summ           55%        N/A       1%          3
d - Summon Guardian Gole  Hex/Summ       42%        N/A       1%          3
e - Summon Lightning Spi  Summ/Air       35%        N/A       3%          4
f - Tukima's Dance        Hex            26%        N/A       1%          3

Your spell library contained the following spells:

 Spells                   Type           Power      Damage    Failure   Level
 Freeze                   Ice            36%        1d6       3%          1
 Foxfire                  Conj/Fire      36%        2x1d5     3%          1
 Dazzling Flash           Conj/Hex       36%        N/A       4%          3
 Inner Flame              Hex/Fire       18%        N/A       4%          3
 Portal Projectile        Hex/Tloc       36%        N/A       4%          3
 Conjure Flame            Conj/Fire      9%         6-21      11%         3
 Leda's Liquefaction      Hex/Erth       9%         N/A       17%         4
 Flame Wave               Conj/Fire      9%         2d6       34%         4
 Silence                  Hex/Air        9%         N/A       38%         5
 Agony                    Necr           9%         N/A       71%         5
 Blade Hands              Tmut           4%         N/A       71%         5


Dungeon Overview and Level Annotations

Branches:
Dungeon (8/15)             Temple (0/1) D:5           Sewer (visited)
   Lair: D:8-11

Altars:
Trog
Uskayaw
Vehumet
Xom
Zin

Shops:
D:1 **   D:4 *   D:5 =   D:7 :

Annotations:
D:6 2 transporters, hawla's ghost, novice MeFE
D:8 Erica


Innate Abilities, Weirdness & Mutations

((You are very nimble when in or above water. (Stealth+, EV+, Speed+++)))
Your lower body shifts to a powerful aquatic tail in water.
Your spells are a little easier to cast, but a little less powerful.


Message History

You kill the sky beast!
Vehumet accepts your kill. The iceblast engulfs you!
* * * LOW HITPOINT WARNING * * *
The iceblast engulfs the wight but does no damage.
The wight is heavily damaged.
You feel much better.
The wight hits you with a +4 long sword!
You hit the wight but do no damage.
The wight is heavily damaged.
The gnoll sergeant hits you from afar with a +0 spear!
The wight closely misses you.
Okay, then.
Unknown command.
Okay, then.
Okay, then.
It was a potion of mutation.
You feel extremely strange.
Your connection to magic feels subdued.
The wight completely misses you.
The gnoll sergeant hits you from afar with a +0 spear.
It was a potion of flight.
You feel very buoyant.
You fly up into the air.
The wight barely misses you.
The gnoll sergeant hits you from afar with a +0 spear!
* * * LOW HITPOINT WARNING * * *
Okay, then.
Okay, then.
You feel much better. The wight hits you but does no damage.
The gnoll sergeant hits you from afar with a +0 spear!
You feel very mighty all of a sudden.
The wight hits you with a +4 long sword!
* * * LOW HITPOINT WARNING * * *
You feel drained.
* * * LOW HITPOINT WARNING * * *
The gnoll sergeant hits you from afar with a +0 spear.
* * * LOW HITPOINT WARNING * * *
You completely miss the wight.
The wight is moderately damaged.
The wight hits you with a +4 long sword!
You die...

#.#######
#....@zo##
#..#.##gg##
# #. ##K.##
#. #†.)##
#. #.#..#
.. ..###)#
.#.⌠. #.##
....⌠ #..#
.##.⌠. #..#


You could see a kobold brigand, a gnoll sergeant, a wight, a gnoll and an orc.

Vanquished Creatures
  A water moccasin (D:4)
  2 sky beasts (D:8)
  A phantom (D:6)
  A hound (D:5)
  An orc priest (D:6)
  An orc wizard (D:4)
  2 gnolls
  4 river rats
  2 adders
  3 worms (D:4)
  2 orcs
  A bat (D:2)
  A giant cockroach (D:4)
  A goblin (D:4)
  A hobgoblin (D:2)
  2 kobolds
  2 quokkas
  A ball python (Sewer)
  A frilled lizard (D:2)
  2 rats
32 creatures vanquished.

Vanquished Creatures (collateral kills)
  Grinder (D:6)
  3 yaks (D:8)
  2 ogres (D:6)
  A black bear (D:6)
  2 phantoms (D:5)
  2 kobold brigands (Sewer)
  A bullfrog (D:4)
  A gnoll sergeant (D:5)
  2 scorpions
  A howler monkey (D:8)
  4 hounds
  A jelly (D:5)
  7 orc priests
  Jessica (D:2)
  4 iguanas
  10 orc wizards
  8 gnolls
  7 adders
  2 river rats
  2 shadow imps
  A white imp (D:5)
  An ufetubus (D:5)
  5 worms
  5 dart slugs
  30 orcs
  6 ball pythons
  10 endoplasms
  A giant cockroach (D:3)
  5 goblins
  6 hobgoblins
  4 jackals (D:2)
  11 kobolds
  A quokka (D:2)
  4 bats
  6 frilled lizards
  2 rats
160 creatures vanquished.

Vanquished Creatures (others)
  A hornet (D:8)
  2 steam dragons
  An orc warrior (D:6)
  An iguana (D:5)
5 creatures vanquished.

Grand Total: 197 creatures vanquished

Notes
Turn   | Place    | Note
-------+----------+-------------------------------------------
     0 | D:1      | kingsuperguy the Merfolk Summoner began the quest for the
                  | Orb.
     0 | D:1      | Reached XP level 1. HP: 13/13 MP: 3/3
    76 | D:1      | Found Luocotah's Assorted Antiques.
   189 | D:1      | Reached XP level 2. HP: 19/19 MP: 1/5
   240 | D:1      | Found a faded altar of an unknown god.
   621 | D:1      | Found Erozia's General Store.
  1005 | D:1      | Learned a level 2 spell: Call Imp
  1012 | D:2      | Noticed Jessica
  1199 | D:2      | Reached XP level 3. HP: 18/24 MP: 4/6
  1945 | D:2      | Learned a level 3 spell: Call Canine Familiar
  1953 | D:2      | Killed Jessica
  1954 | D:2      | Reached XP level 4. HP: 15/30 MP: 1/8
  2618 | D:2      | Reached skill level 5 in Summonings
  2622 | D:2      | Learned a level 3 spell: Summon Guardian Golem
  3684 | D:3      | Reached XP level 5. HP: 19/35 MP: 2/10
  4059 | D:4      | Reached XP level 6. HP: 29/41 MP: 2/12
  4145 | D:4      | Found Etuesoin's Serpentskin Sales.
  4145 | D:4      | Noticed a water moccasin
  4167 | D:4      | Found a hide-covered altar of Uskayaw.
  4215 | D:4      | Killed a water moccasin
  4216 | D:4      | Reached skill level 6 in Summonings
  4256 | D:4      | Found a radiant altar of Vehumet.
  4259 | D:5      | Entered Level 5 of the Dungeon
  4333 | D:4      | Reached XP level 7. HP: 15/46 MP: 3/14
  4390 | D:4      | Found a glowing silver altar of Zin.
  4411 | D:4      | Reached skill level 5 in Spellcasting
  4453 | D:4      | Found a glowing drain.
  4465 | Sewer    | Entered a sewer
  4837 | Sewer    | Reached skill level 1 in Short Blades
  5909 | D:4      | Found a bloodstained altar of Trog.
  6399 | D:5      | Found Oseuwomp's Jewellery Shoppe.
  6440 | D:5      | Reached XP level 8. HP: 52/52 MP: 8/16
  6468 | D:5      | Reached skill level 7 in Summonings
  7421 | D:4      | Became a worshipper of Vehumet
  7842 | D:5      | Reached skill level 1 in Hexes
  7991 | D:5      | Reached skill level 8 in Summonings
  8062 | D:5      | Found a staircase to the Ecumenical Temple.
  8440 | D:5      | Learned a level 4 spell: Summon Lightning Spire
  8897 | D:6      | Identified the +3 ring mail of Sissattit {rCorr Dex+2}
  8933 | D:6      | Reached XP level 9. HP: 57/57 MP: 19/19
  9019 | D:6      | Learned a level 3 spell: Tukima's Dance
  9177 | D:6      | Reached skill level 9 in Summonings
  9208 | D:7      | Found Azxoabim's Book Boutique.
  9532 | D:6      | Found a transporter.
  9581 | D:6      | Reached * piety under Vehumet
  9581 | D:6      | Offered knowledge of Freeze by Vehumet.
  9617 | D:6      | Found a shimmering altar of Xom.
  9622 | D:6      | Noticed hawla's ghost (novice MeFE)
  9669 | D:6      | Found a transporter.
  9679 | D:6      | Noticed Grinder
  9702 | D:6      | Killed Grinder
 10018 | D:8      | Reached skill level 10 in Summonings
 10248 | D:8      | Noticed Erica
 10555 | D:8      | Noticed a hornet
 10558 | D:8      | Killed a hornet
 10559 | D:8      | Reached XP level 10. HP: 41/63 MP: 10/22
 10602 | D:8      | HP: 3/63 [shot self (18)]
 10612 | D:8      | Gained mutation: Your spells are a little easier to cast,
                  | but a little less powerful. [potion of mutation]
 10616 | D:8      | Slain by a wight

Illustrated notes

Levels and vault maps discovered:
D:1:      lightli_arrival_quake, layout_rooms, serial_shops, nicolae_shop_trees,
          nicolae_shop_overgrown_old_shop, hellmonk_ecumenical_altar_lost_god
D:2:      layout_loops_ring, uniq_jessica
D:3:      layout_loops_cross
D:4:      layout_loops_ring, zin_academy, nicolae_vehumet_radiance,
          nicolae_uskayaw_suspiria, lemuel_crystal_altar,
          lightli_sewer_entry_pipes, guppyfry_shop_venom
D:5:      wander_river, layout_cave_pods, minmay_temple_entry_mist,
          serial_shops, nicolae_shop_statue_plus, corexii_corridor_pit
D:6:      layout_rooms, mainiacjoe_overflow_tiny_flanked,
          gammafunk_ghost_stat_death, uniq_grinder
D:7:      layout_loops_ring, serial_shops, nicolae_stop_n_shop_1, uniq_maggie
D:8:      cheibrodos_quashed, layout_basic, minmay_ruined_shrine, uniq_erica,
          uniq_maurice

Skill      XL: |  1  2  3  4  5  6  7  8  9 |
---------------+----------------------------+-----
Spellcasting   | 3 4 5 7 8 |  8.2
Summonings     | 5 6 8 10 | 10.6
Dodging        | 3 4 |  4.4
Short Blades   | 1 2 |  2.4
Hexes          | 1 3 |  3.7
Stealth        | |  2.4
Unarmed Combat | |  0.2
Air Magic      | |  0.5

Action                   |  1- 3 |  4- 6 |  7- 9 | 10-12 || total
-------------------------+-------+-------+-------+-------++-------
Melee: Unarmed           |    27 |       |       |       ||    27
       Short sword       |       |    39 |    75 |     6 ||   120
       Punch             |       |       |     4 |       ||     4
       Tailslap          |       |       |     1 |       ||     1
 Cast: Summon Small Mamm |    64 |    40 |    52 |     1 ||   157
       Call Imp          |    14 |    26 |    17 |     1 ||    58
       Call Canine Famil |     1 |     9 |    39 |     2 ||    51
       Summon Guardian G |       |     4 |    22 |     1 ||    27
       Summon Lightning  |       |       |     3 |       ||     3
Evoke: Wand              |       |       |       |     3 ||     3
  Use: Scroll            |       |     3 |     9 |       ||    12
       Potion            |       |     1 |     3 |     7 ||    11
 Stab: Sleeping          |     1 |       |     1 |       ||     2
       Distracted        |       |       |     2 |       ||     2
Armor: Robe              |    31 |    26 |    33 |     4 ||    94
Dodge: Dodged            |    89 |    28 |   101 |    15 ||   233
